Dinitz, lawful male human Samurai ------- ------------- |......## |..>........| ----- |.....|## |...........-######-...| -.-.---#### |...........| |...| ---------------- # # # ------------- |....# |..............| ## # ######` ####....|# |..............| # # -----# |I.............| ## # # #...............| # # # ###-----------.---- # # # # ##### # # # # # # # ## # ### ### ## ### # # # #----+------- ##-----# ################## - -.--- #|...........######################|....# --------------.- |....<| #|..........| #.^.^| |..............| |.....| #|..........| |.{.| |..............| |.....| #...........| ----- |..............| ------- ------------ ---------------- Dinitz the Ronin Experience level: 4 Strength: 15 Dexterity: 13 Constitution: 18 Intelligence: 11 Wisdom: 9 Charisma: 8 Health: 0(48) Energy: 14(14) Def: 6 Gold: 596 Moves: 1302 Dungeon seed: u92vvwkperjEBc3U Game ID: Dinitz_1450731890 Your Inventory: Coins $ - 596 gold pieces Weapons a - a +0 katana (weapon in hand) b - a +0 wakizashi c - a +0 yumi (alternate weapon; not wielded) d - 24 blessed +0 ya (in quiver) Armor e - a blessed rustproof +0 splint mail (being worn) Potions f - an uncursed potion of levitation Tools i - an uncursed osaku k - an uncursed tin whistle Spells and supernatural/magical abilities: Name Level Category Fail Memory W - pray for help -- divine ? -- Your skills at the end: Fighting Skills martial arts [Basic] Weapon Skills short sword [Basic] long sword [Basic] bow [Basic] Spellcasting Skills Final Attributes: You were piously aligned. You were fast. You are dead. Vanquished creatures: a rock mole a gnomish wizard a little dog 3 floating eyes 4 dwarf zombies 2 iguanas 4 giant rats 2 yellow molds a red mold a gnome zombie a gecko 2 jackals a fox a kobold a sewer rat 2 grid bugs a lichen a kobold zombie 2 newts 32 creatures vanquished. Voluntary challenges: You used a wielded weapon 27 times, starting on turn 86. You read items or engraved 3 times, starting on turn 1104. You never genocided any monsters. You never polymorphed an object. You never changed form. You used no wishes. You never split a pudding. You never wrote Elbereth's name. You never violated your personal moral code. Dungeon overview: The Dungeons of Doom: levels 1 to 6 Level 1 a long staircase Level 2 some fountains Level 3 a fountain Level 4 (to mines) stairs to The Gnomish Mines Level 5 <- You were here a fountain Level 6 an altar to Susanowo, a fountain The Gnomish Mines: Level 5 stairs to The Dungeons of Doom History has recorded: On T:1 you entered the Dungeons of Doom to retrieve the Amulet of Yendor! On T:50 you reached level 2 of The Dungeons of Doom. On T:127 you reached level 3 of The Dungeons of Doom. On T:222 you advanced to experience level 2. On T:284 you reached level 4 of The Dungeons of Doom. On T:351 you reached level 1 of The Gnomish Mines. On T:491 you reached level 5 of The Dungeons of Doom. On T:509 you advanced to experience level 3. On T:641 you reached level 6 of The Dungeons of Doom. On T:742 you advanced to experience level 4. Score breakdown: Gold: 596 ( 9442 points) Experience: 4 levels ( 9649 points) Exploration: 6 levels ( 11.76%) ( 9486 points) Discoveries: 2 items ( 0.81%) ( 2705 points) Valuables value: (no points given unless you survive) Artifact value: 0 ( 0 points) Variety of kills: 19 monsters ( 4.99%) ( 6699 points) Turncount: 1302 turns ( 0 points) Survival: died (score multiplied by 80%) Total score: 30384 Latest messages: It bites! You get zapped! It misses. It bites! It misses. It bites! (2x) You get zapped! It bites! You get zapped! It bites! You get zapped! It bites! (2x) You get zapped! It bites! You faint from lack of food. It hits! It bites! (2x) It hits! It bites! (2x) It hits! It bites! You die... Final status: Sayonara Dinitz the Samurai, killed by a rothe, while fainted from lack of food... You died in The Dungeons of Doom on dungeon level 5 with 30384 points, and 596 pieces of gold, after 1302 moves. You were level 4 with a maximum of 48 hit points when you died.